 Dungeon Crawl Stone Soup version 0.21.1-1-g345015f (webtiles) character file.

559 tidbits the Grave Robber (level 7, 34/51 HPs)
             Began as a Gnoll Necromancer on June 15, 2018.
             Quit the game on level 5 of the Dungeon.
             The game lasted 00:12:21 (987 turns).

tidbits the Grave Robber (Gnoll Necromancer)         Turns: 987, Time: 00:12:22

Health: 34/51      AC:  2    Str: 10    XL:     7   Next: 31%
Magic:  11/15      EV: 15    Int: 20    God:
Gold:   26         SH:  0    Dex: 15    Spells: 9/17 levels left

rFire    . . .     SeeInvis .   a - +2 short sword (venom)
rCold    . . .     Gourm    +   (no shield)
rNeg     . . .     Faith    .   j - +0 robe
rPois    .         Spirit   .   (no helmet)
rElec    .         Reflect  .   (no cloak)
rCorr    .         Harm     .   (no gloves)
MR       .....                  (no boots)
Stlth    +++.......             n - amulet of the gourmand
HPRegen  0.17/turn              (no ring)
MPRegen  0.14/turn              (no ring)

@: no status effects
A: distributed training, fangs 1, strong nose
a: no special abilities


You were on level 5 of the Dungeon.
You were hungry.

You visited 2 branches of the dungeon, and saw 7 of its levels.

You collected 128 gold pieces.
You spent 102 gold pieces at shops.

Inventory:

Hand Weapons
 a - a +2 short sword of venom (weapon)
   (You took it off a kobold on level 2 of the Dungeon)
 d - a cursed -1 hunting sling
 e - a +0 dagger
 h - a +0 club
 q - a +0 flail
Missiles
 l - 6 tomahawks (quivered)
 p - 16 sling bullets
Armour
 j - a +0 robe (worn)
Jewellery
 n - an amulet of the gourmand (around neck)
   (You found it on level 3 of the Dungeon)
Wands
 g - a wand of polymorph (9)
Scrolls
 f - 2 scrolls of teleportation
 k - a scroll of random uselessness
 m - a scroll of enchant armour
Potions
 i - a potion of degeneration {unknown}
 o - a potion of haste {unknown}
 r - a potion of brilliance {unknown}
Books
 b - a book of Necromancy

   Spells                             Type                      Level
   a - Pain                           Necromancy                   1
   b - Animate Skeleton               Necromancy                   1
   c - Vampiric Draining              Necromancy                   3
   d - Regeneration                   Charms/Necromancy            3
   e - Animate Dead                   Necromancy                   4
   f - Borgnjor's Vile Clutch         Necromancy/Earth             5
Comestibles
 c - 5 rations


   Skills:
 + Level 2.3 Fighting
 + Level 2.3 Short Blades
 + Level 2.3 Long Blades
 + Level 2.3 Axes
 + Level 2.3 Maces & Flails
 + Level 2.3 Polearms
 + Level 2.3 Staves
 + Level 2.3 Slings
 + Level 2.3 Bows
 + Level 2.3 Crossbows
 + Level 2.3 Throwing
 + Level 2.3 Armour
 + Level 5.2 Dodging
 + Level 4.8 Stealth
 + Level 2.3 Shields
 + Level 2.3 Unarmed Combat
 + Level 5.5 Spellcasting
 + Level 1.9 Conjurations
 + Level 1.9 Hexes
 + Level 1.9 Charms
 + Level 1.9 Summonings
 + Level 7.4 Necromancy
 + Level 1.9 Translocations
 + Level 1.9 Transmutations
 + Level 1.9 Fire Magic
 + Level 1.9 Ice Magic
 + Level 1.9 Air Magic
 + Level 1.9 Earth Magic
 + Level 1.9 Poison Magic
 + Level 2.6 Invocations
 + Level 2.3 Evocations


You had 9 spell levels left.
You knew the following spells:

 Your Spells              Type           Power        Failure   Level  Hunger
a - Pain                  Necr           ####         1%          1    None
d - Vampiric Draining     Necr           #####.....   1%          3    ##.....
n - Animate Skeleton      Necr           N/A          1%          1    None
r - Regeneration          Chrm/Necr      ###.......   4%          3    ##.....


Dungeon Overview and Level Annotations

Branches:
Dungeon (6/15)             Temple (1/1) D:5

Altars:
Ashenzari
Gozag
Makhleb
Nemelex Xobeh
Qazlal
Sif Muna
Vehumet
Wu Jian
Xom
Yredelemnul
Zin
The Shining One

Shops:
D:5 *

Annotations:
D:4 Grinder
D:5 1 runed door


Innate Abilities, Weirdness & Mutations

Your experience applies equally to all skills.
You have very sharp teeth.
Your uncanny sense of smell can sniff out nearby items.


Message History

Found a shimmering altar of Xom.
There is an open door here.
You open the door.
Found a basalt altar of Yredelemnul.
Found a sparkling altar of Nemelex Xobeh.
There is an open door here.
There is a staircase back to the Dungeon here.
You climb upwards.
Welcome back to the Dungeon!
Level annotation: 1 runed door
There is a staircase to the Ecumenical Temple here.
Unknown command.
There is an open door here.
An adder zombie comes into view.
Found a hunting sling.
An ogre comes into view. It is wielding a giant club.
The ogre shouts!
You hear an angry hiss.
The adder zombie closely misses you.
A leopard gecko comes into view.
You hit the adder zombie. Your bite misses the adder zombie.
The adder zombie is moderately damaged.
The adder zombie bites you.
You puncture the adder zombie!
The adder zombie is severely damaged.
The adder zombie bites you.
The ogre shouts!
You hit the adder zombie.
You destroy the adder zombie!
You hit the ogre.
The ogre is poisoned.
The ogre is lightly wounded.
The ogre hits you with a giant club!!
* * * LOW HITPOINT WARNING * * *
Casting: Regeneration
Confirm with . or Enter, or press ? or * to list all spells.
Aiming: Vampiric Draining
Press: ? - help, Shift-Dir - straight line, f - ogre
Aim: an ogre, wielding a giant club (lightly wounded, poisoned)
The ogre is heavily wounded.
You feel life coursing into your body. The ogre closely misses you.
Casting: Vampiric Draining
Confirm with . or Enter, or press ? or * to list all spells.
Aiming: Vampiric Draining
Press: ? - help, Shift-Dir - straight line, f/p - ogre
Aim: an ogre, wielding a giant club (heavily wounded, poisoned)
The ogre is severely wounded.
You feel life coursing into your body. The ogre barely misses you.
A ball python and an adder come into view.
The adder hisses angrily.
The ball python hisses angrily.
You kill the ogre!
A howler monkey skeleton comes into view.
Found a stone staircase leading down.
Unknown command.
The adder misses you.
You hit the adder. Your bite misses the adder.
The adder is heavily wounded.
The adder misses you.
You hit the adder.
The adder is poisoned.
The adder is severely wounded.
The adder completely misses you. The adder bites you.
Found 22 sling bullets.
The adder barely misses you.
A bullfrog skeleton comes into view.
The adder bites you. The ball python misses you.
The ball python closely misses you. The ball python bites you.
The ball python grabs you.
* * * LOW HITPOINT WARNING * * *
The ball python constricts you.
The ball python bites you but does no damage.
The ball python constricts you. The adder misses you.
You escape the ball python's grasp.
You kill the adder!
Unknown command.
Casting: Vampiric Draining
Confirm with . or Enter, or press ? or * to list all spells.
Aiming: Pain
Press: ? - help, Shift-Dir - straight line, f - ball python
Aim: a ball python (chance to defeat MR: 93%)
The ball python writhes in agony!
You kill the ball python!
Found 11 gold pieces.
You closely miss the leopard gecko. The leopard gecko misses you.
You closely miss the leopard gecko. The leopard gecko bites you.
* * * LOW HITPOINT WARNING * * *
You hit the leopard gecko.
You kill the leopard gecko!
Casting: Pain
Confirm with . or Enter, or press ? or * to list all spells.
Your skin crawls.
Found a ration.
Your skin is crawling a little less now.
You are feeling hungry.
Your skin stops crawling.
Found a ration.
Found Kaoskil's Assorted Antiques.
There is an entrance to Kaoskil's Assorted Antiques here.
g - a wand of polymorph (9);
r - a fizzy sapphire potion Thank you for shopping at Kaoskil's Assorted Antiques!
You see here a ration.
c - 5 rations (gained 1) Are you sure you want to abandon this character and quit the game? (Confirm with "yes".)

#.##.# #....#l##.##
#.##.# #...##)##...
#.##†###.####.##...
#.##.#...# #...l##
#.##.#...####..###*
##.##....###...## *
#...##...#
##...#**#
#.♣.#..(.# ##..#,,.
♣.∩@♣..### #.##**#
##♣###.# #.# #
****,**#.#*** #.# #
*,,,,,,...,,* #.#
### *,,,,,,.#.,,*
#.# ###
*,∆,,,,.,Z***
#.####⌠ *,,,,,,,,**
#....'. *,,,,,,,**
######⌠ *,>,,,,,*
###


There were no monsters in sight!

Vanquished Creatures
  An ogre (D:5)
  A water moccasin skeleton (D:4)
  2 scorpions
  A howler monkey (D:4)
  5 hounds
  An iguana (D:6)
  Natasha (D:4)
  4 adders
  An ooze (D:1)
  An adder zombie (D:5)
  A leopard gecko (D:5)
  8 orcs
  A giant cockroach (D:1)
  3 goblins
  2 hobgoblins
  3 kobolds (D:2)
  3 quokkas
  A ball python (D:5)
  9 bats
  3 frilled lizards
  A goblin skeleton (D:5)
  A goblin zombie (D:5)
  3 rats
57 creatures vanquished.

Notes
Turn   | Place    | Note
-------+----------+-------------------------------------------
     0 | D:1      | tidbits the Gnoll Necromancer began the quest for the Orb.
     0 | D:1      | Reached XP level 1. HP: 13/13 MP: 6/6
    47 | D:1      | Reached XP level 2. HP: 14/19 MP: 3/7
    50 | D:1      | Learned a level 1 spell: Animate Skeleton
   202 | D:2      | Reached XP level 3. HP: 7/25 MP: 1/9
   215 | D:2      | Reached skill level 5 in Spellcasting
   220 | D:2      | Learned a level 3 spell: Vampiric Draining
   224 | D:2      | Learned a level 3 spell: Regeneration
   238 | D:2      | Found a shattered altar of Ashenzari.
   420 | D:4      | Noticed Natasha
   430 | D:4      | Killed Natasha
   430 | D:4      | Reached skill level 1 in Fighting
   430 | D:4      | Reached skill level 1 in Short Blades
   430 | D:4      | Reached skill level 1 in Long Blades
   430 | D:4      | Reached skill level 1 in Axes
   430 | D:4      | Reached skill level 1 in Maces & Flails
   430 | D:4      | Reached skill level 1 in Polearms
   430 | D:4      | Reached skill level 1 in Staves
   430 | D:4      | Reached skill level 1 in Slings
   430 | D:4      | Reached skill level 1 in Bows
   430 | D:4      | Reached skill level 1 in Crossbows
   430 | D:4      | Reached skill level 1 in Throwing
   430 | D:4      | Reached skill level 1 in Armour
   430 | D:4      | Reached skill level 1 in Shields
   430 | D:4      | Reached skill level 1 in Unarmed Combat
   430 | D:4      | Reached skill level 1 in Invocations
   430 | D:4      | Reached skill level 1 in Evocations
   430 | D:4      | Reached XP level 4. HP: 31/32 MP: 9/11
   464 | D:4      | Reached skill level 1 in Conjurations
   464 | D:4      | Reached skill level 1 in Hexes
   464 | D:4      | Reached skill level 1 in Charms
   464 | D:4      | Reached skill level 1 in Summonings
   464 | D:4      | Reached skill level 1 in Translocations
   464 | D:4      | Reached skill level 1 in Transmutations
   464 | D:4      | Reached skill level 1 in Fire Magic
   464 | D:4      | Reached skill level 1 in Ice Magic
   464 | D:4      | Reached skill level 1 in Air Magic
   464 | D:4      | Reached skill level 1 in Earth Magic
   464 | D:4      | Reached skill level 1 in Poison Magic
   481 | D:5      | Entered Level 5 of the Dungeon
   481 | D:5      | Found a runed door.
   481 | D:5      | Found a basalt altar of Yredelemnul.
   481 | D:5      | Noticed a human
   494 | D:5      | Reached XP level 5. HP: 32/37 MP: 8/12
   557 | D:4      | Noticed Grinder
   562 | D:3      | Reached skill level 2 in Invocations
   562 | D:3      | Reached XP level 6. HP: 31/44 MP: 3/13
   708 | D:4      | Reached skill level 2 in Fighting
   708 | D:4      | Reached skill level 2 in Short Blades
   708 | D:4      | Reached skill level 2 in Long Blades
   708 | D:4      | Reached skill level 2 in Axes
   708 | D:4      | Reached skill level 2 in Maces & Flails
   708 | D:4      | Reached skill level 2 in Polearms
   708 | D:4      | Reached skill level 2 in Staves
   708 | D:4      | Reached skill level 2 in Slings
   708 | D:4      | Reached skill level 2 in Bows
   708 | D:4      | Reached skill level 2 in Crossbows
   708 | D:4      | Reached skill level 2 in Throwing
   708 | D:4      | Reached skill level 2 in Armour
   708 | D:4      | Reached skill level 5 in Dodging
   708 | D:4      | Reached skill level 2 in Shields
   708 | D:4      | Reached skill level 2 in Unarmed Combat
   708 | D:4      | Reached skill level 2 in Evocations
   804 | D:5      | Found a staircase to the Ecumenical Temple.
   813 | D:5      | Reached XP level 7. HP: 50/50 MP: 9/15
   822 | Temple   | Entered the Ecumenical Temple
   982 | D:5      | Found Kaoskil's Assorted Antiques.
   985 | D:5      | Bought a sharpened brass wand for 84 gold pieces
   985 | D:5      | Bought a fizzy sapphire potion for 18 gold pieces
   987 | D:5      | Quit the game

Skill      XL: |  1  2  3  4  5  6 |
---------------+-------------------+-----
Spellcasting   | 5 |  5.5
Fighting       | 1 2 |  2.3
Short Blades   | 1 2 |  2.3
Long Blades    | 1 2 |  2.3
Axes           | 1 2 |  2.3
Maces & Flails | 1 2 |  2.3
Polearms       | 1 2 |  2.3
Staves         | 1 2 |  2.3
Slings         | 1 2 |  2.3
Bows           | 1 2 |  2.3
Crossbows      | 1 2 |  2.3
Throwing       | 1 2 |  2.3
Armour         | 1 2 |  2.3
Shields        | 1 2 |  2.3
Unarmed Combat | 1 2 |  2.3
Invocations    | 1 2 |  2.6
Evocations     | 1 2 |  2.3
Conjurations   | 1 |  1.9
Hexes          | 1 |  1.9
Charms         | 1 |  1.9
Summonings     | 1 |  1.9
Translocations | 1 |  1.9
Transmutations | 1 |  1.9
Fire Magic     | 1 |  1.9
Ice Magic      | 1 |  1.9
Air Magic      | 1 |  1.9
Earth Magic    | 1 |  1.9
Poison Magic   | 1 |  1.9
Dodging        | 5 |  5.2
Stealth        | |  4.8
Necromancy     | |  7.4

Action                   |  1- 3 |  4- 6 |  7- 9 || total
-------------------------+-------+-------+-------++-------
Melee: Short sword       |    14 |    80 |    11 ||   105
       Bite              |       |     7 |       ||     7
 Cast: Pain              |    29 |     9 |     1 ||    39
       Regeneration      |     1 |     6 |     1 ||     8
       Vampiric Draining |       |     5 |     2 ||     7
  Use: Scroll            |       |     7 |       ||     7
 Stab: Sleeping          |     2 |     3 |       ||     5
  Eat: Chunk             |       |       |     1 ||     1
Armor: Robe              |     2 |     4 |     2 ||     8
Dodge: Dodged            |     9 |    83 |    12 ||   104

Table legend:
 A = Turns spent in this place as a percentage of turns spent in the entire game.
 B = Non-inter-level travel turns spent in this place as a percentage of non-inter-level travel turns spent in the entire game.
 C = Inter-level travel turns spent in this place as a percentage of turns spent in this place.
 D = Turns resting spent in this place as a percentage of non-inter-level travel turns spent in this place.
 E = Turns spent auto-exploring this place as a percentage of non-inter-level travel turns spent in this place.
 F = Non-inter-level travel turns spent in this place divided by the number of levels of this place that you've seen.
                   A       B       C       D       E      F
               +-------+-------+-------+-------+-------+----------------------
         Total | 100.0 | 100.0 |   1.4 |   0.0 |   0.0 | 139.0
       Dungeon |  90.5 |  91.8 |   0.0 |   0.0 |   0.0 | 148.8
        Temple |   9.5 |   8.2 |  14.9 |   0.0 |   0.0 |  80.0
               +-------+-------+-------+-------+-------+----------------------

Table legend:
 A = Kills in this place as a percentage of kills in entire the game.
 B = Kills by you in this place as a percentage of kills by you in the entire game.
 C = Kills by friends in this place as a percentage of kills by friends in the entire game.
 D = Other kills in this place as a percentage of other kills in the entire game.
 E = Experience gained in this place as a percentage of experience gained in the entire game.
 F = Experience gained in this place divided by the number of levels of this place that you have seen.
                   A       B       C       D       E      F
               +-------+-------+-------+-------+-------+----------------------
         Total | 100.0 | 100.0 |   N/A |   N/A | 100.0 | 114.1
       Dungeon | 100.0 | 100.0 |   N/A |   N/A | 100.0 | 133.2
               +-------+-------+-------+-------+-------+----------------------

Vault maps used:
D:1:      eino_arrival_tree_alley, serial_co_window_serial, co_window_paths_a,
          co_window_paths_a, co_window_paths_b, co_window_paths_a,
          co_window_corner_a, co_window_paths_b, co_window_corner_a,
          co_window_paths_b, co_window_corner_a, co_window_2corner,
          co_window_2corner, co_window_corner_ca, co_window_paths_d,
          co_window_4corner_a, glass_columns_b, glass_columns_a, glass_columns_a
D:2:      ashenzari_altar_1, first_ration, guppyfry_early_lair_pool
D:3:      portal_sewer_entry_b, palyth_stone_intersect, led_sif_book
D:4:      okawaru_gym_becter, elyvilon_altar_4, uniq_natasha, uniq_edmund,
          uniq_grinder
D:5:      temple_doors_e, serial_shops, nicolae_shop_trees,
          dk_yredelemnul_ordeal
D:6:      eat_drink_and_be_merry_uskayaw, gammafunk_temple_overflow_statue
Temple:   minmay_temple_curvy_loop
